 Dungeon Crawl Stone Soup version 0.28.0 (webtiles) character file.

Game seed: 16181363676121529395

407 SnakkuSnakku7 the Grave Robber (level 6, -1/54 HPs)
             Began as a Barachi Necromancer on Feb 14, 2022.
             Slain by a gnoll (10 damage)
             ... on level 4 of the Dungeon.
             The game lasted 00:06:24 (4883 turns).

SnakkuSnakku7 the Grave Robber (BaNe)               Turns: 4883, Time: 00:06:24

Health: -1/54      AC: 23    Str:  9    XL:     6   Next: 88%
Magic:  0/9        EV:  2    Int: 18    God:
Gold:   238        SH:  0    Dex: 12    Spells: 5/9 levels left

rFire   . . .      SeeInvis .   o - +2 short sword (venom)
rCold   . . .      Faith    .   (no shield)
rNeg    . . .      Spirit   .   (armour currently unavailable)
rPois   +          Reflect  .   (helmet currently unavailable)
rElec   .          Harm     .   (cloak currently unavailable)
rCorr   .          Rampage  .   (gloves currently unavailable)
Will    .....      NoTele   +   (boots currently unavailable)
Stlth   ++........              (no amulet)
HPRegen 0.18/turn               (no ring)
MPRegen 0.11/turn               (no ring)

@: tree-form, unable to hop
A: stationary, stasis, torment immunity, boosted hp, reduced essence,
(amphibious), (slowness 1), (strong legs 1), +LOS
a: no special abilities


You were on level 4 of the Dungeon.
You were a tree.
You visited 1 branch of the dungeon, and saw 4 of its levels.

You collected 238 gold pieces.

Inventory:

Hand Weapons
 d - a +0 dagger
 o - a +2 short sword of venom (weapon)
Missiles
 v - a throwing net
Armour
 a - a +0 robe (melded)
 b - a +0 cloak (melded)
 r - a +0 helmet (melded)
Jewellery
 s - a ring of wizardry
 u - a ring of positive energy
Scrolls
 e - a scroll of immolation {unknown}
 f - a scroll of brand weapon {unknown}
 h - a scroll of blinking {unknown}
 j - a scroll of vulnerability {unknown}
 k - a scroll of enchant weapon {unknown}
 m - 2 scrolls of teleportation {unknown}
 p - 2 scrolls of amnesia {unknown}
 t - a scroll of torment {unknown}
Potions
 c - a potion of flight {unknown}
 g - a potion of magic {unknown}
 i - a potion of heal wounds {unknown}
 l - a potion of lignification
 n - a potion of berserk rage {unknown}


   Skills:
 - Level 2.1 Dodging
 - Level 1.7 Stealth
 - Level 2.1 Spellcasting
 + Level 7.3 Necromancy


You had 5 spell levels left.
You knew the following spells:

 Your Spells              Type           Power      Damage    Failure   Level
a - Pain                  Necr           100%       1d9       1%          1
b - Vampiric Draining     Necr           28%        2d8       2%          3

Your spell library contained the following spells:

 Spells                   Type           Power      Damage    Failure   Level
 Animate Skeleton         Necr           56%        N/A       1%          1
 Animate Dead             Necr           14%        N/A       9%          4
 Beastly Appendage        Tmut           2%         N/A       19%         1
 Agony                    Necr           28%        N/A       24%         5
 Wereblood                Tmut           1%         N/A       26%         2
 Call Canine Familiar     Summ           1%         N/A       47%         3
 Portal Projectile        Hex/Tloc       2%         N/A       47%         3
 Spider Form              Tmut/Pois      1%         N/A       47%         3
 Leda's Liquefaction      Hex/Erth       0%         N/A       87%         4
 Passage of Golubria      Tloc           1%         N/A       87%         4
 Silence                  Hex/Air        0%         N/A       99%         5
 Lehudib's Crystal Spear  Conj/Erth      0%         10d2      100%        8


Dungeon Overview and Level Annotations

Branches:
Dungeon (4/15)
 Temple: D:4-7

Altars:
Fedhas
Hepliaklqana
Sif Muna
Zin


Innate Abilities, Weirdness & Mutations

You are a tree.
Your roots penetrate the ground, keeping you stationary.
You cannot be teleported.
You are immune to unholy pain and torment.
Your maximum health is greatly increased.
Your equipment is partially melded.
Your life essence is reduced to manifest your ancestor. (-10% HP)
((You are amphibious.))
((You cover ground slowly.))
((You can hop short distances.))
You have an extended range of vision and can be seen from far away.


Message History

* * * LOW HITPOINT WARNING * * *
The kobold hits you with a +0 short sword.
* * * LOW HITPOINT WARNING * * *
The kobold completely misses you.
A hobgoblin comes into view.
Unknown command.
Aiming: Vampiric Draining (dangerous; 2% risk of failure)
Press: ? - help, Q - select action, (/) - cycle Shift-Dir - straight line, f - gnoll
Aim: a gnoll, wielding a +3 halberd You draw life force from the gnoll!
You feel life coursing into your body.
The hobgoblin shouts!
The gnoll closely misses you. The kobold hits you but does no damage.
The kobold barely misses you.
Unknown command.
Aiming: Vampiric Draining (dangerous; 2% risk of failure)
Press: ? - help, Q - select action, (/) - cycle Shift-Dir - straight line, f/p - gnoll
Aim: a gnoll, wielding a +3 halberd (almost dead)
You draw life force from the gnoll.
You kill the gnoll!
You feel life coursing into your body. The gnoll hits you with a +0 flail!
* * * LOW HITPOINT WARNING * * *
The kobold hits you with a +0 short sword.
* * * LOW HITPOINT WARNING * * *
The kobold hits you with a +0 short sword.
* * * LOW HITPOINT WARNING * * *
Okay, then.
It was a potion of lignification.
You turn into a tree.
Your +0 cloak melds into your body.
Your +0 helmet melds into your body.
Your +0 robe melds into your body.
Your roots penetrate the ground.
The gnoll hits you but does no damage.
The kobold hits you but does no damage. x2
A gnoll comes into view. It is wielding a +0 club.
Unknown command.
It was a potion of curing.
You feel better. The gnoll hits you with a +0 flail.
* * * LOW HITPOINT WARNING * * *
The kobold hits you but does no damage. x2
You barely miss the gnoll.
The hobgoblin hits you but does no damage.
The gnoll hits you with a +0 flail!
You die...

.................................
.....(....)......................
≈.≈≈.≈≈≈.≈≈≈|≈....≈≈..≈≈≈≈≈≈≈≈≈≈≈
≈≈≈≈≈≈≈≈≈≈≈≈≈≈≈≈≈≈≈≈≈≈≈≈≈≈≈≈≈≈≈≈≈
≈≈≈≈≈≈≈≈≈≈≈≈≈≈≈≈≈≈≈≈≈≈≈≈≈≈≈≈≈≈≈≈≈
≈≈≈≈≈≈≈≈≈≈≈≈≈≈≈≈≈≈≈#####≈≈≈≈≈≈≈≈≈
#################### #≈≈≈≈≈≈≈≈≈
....#..............# #≈≈≈≈≈≈≈≈≈
....'...........♣K†# K#≈≈≈≈≈≈≈≈≈
#####..........gKg.##'##≈≈≈≈≈≈≈≈#
........########)..g..#≈≈≈≈≈≈≈≈≈#
...)....# #......#≈≈≈≈≈≈≈≈≈#
........########......#≈≈≈≈≈≈≈≈##
#####).............##+##≈≈≈≈≈≈≈#
....)..............# #≈≈≈≈≈≈##
....#..............# #≈≈≈≈≈≈#
#################### #≈≈≈≈≈##


You could see 2 gnolls, a hobgoblin and 2 kobolds.

Vanquished Creatures
  Eustachio (D:4)
  2 kobold brigands (D:4)
  A hound (D:4)
  2 orc wizards (D:2)
  Robin (D:3)
  6 gnolls (D:4)
  An adder (D:2)
  A worm (D:2)
  2 dart slugs
  3 orcs
  7 ball pythons
  6 bats
  8 endoplasms
  A giant cockroach (D:4)
  10 goblins
  13 hobgoblins
  3 jackals (D:4)
  27 kobolds
  4 quokkas
  8 frilled lizards
  5 rats
  A spectral hobgoblin (D:4)
113 creatures vanquished.

Notes
Turn   | Place    | Note
-------+----------+-------------------------------------------
     0 | D:1      | SnakkuSnakku7 the Barachi Necromancer began the quest for
                  | the Orb.
     0 | D:1      | Reached XP level 1. HP: 13/13 MP: 3/3
   183 | D:1      | Reached skill level 4 in Necromancy
   183 | D:1      | Reached XP level 2. HP: 12/19 MP: 0/5
   874 | D:1      | Reached XP level 3. HP: 15/24 MP: 3/6
   879 | D:1      | Learned a level 3 spell: Vampiric Draining
  1739 | D:2      | Reached skill level 5 in Necromancy
  1739 | D:2      | Reached XP level 4. HP: 30/30 MP: 7/7
  1943 | D:2      | Found a faded altar of an unknown god.
  2234 | D:2      | Reached XP level 5. HP: 20/35 MP: 1/8
  2345 | D:3      | Noticed Robin
  2564 | D:3      | Killed Robin
  3092 | D:4      | Found a blossoming altar of Fedhas.
  3187 | D:4      | Found a glowing silver altar of Zin.
  3188 | D:4      | Noticed Eustachio
  3197 | D:4      | Killed Eustachio
  3198 | D:4      | Reached skill level 6 in Necromancy
  3198 | D:4      | Reached XP level 6. HP: 23/41 MP: 9/9
  3199 | D:4      | Found a shimmering blue altar of Sif Muna.
  3400 | D:4      | Reached skill level 7 in Necromancy
  3521 | D:4      | Found a hazy altar of Hepliaklqana.
  3542 | D:4      | Became a worshipper of Hepliaklqana the Forgotten
  3543 | D:4      | Fell from the grace of Hepliaklqana
  4880 | D:4      | HP: 2/41 [kobold (2)]
  4883 | D:4      | Slain by a gnoll

Illustrated notes

Levels and vault maps discovered:
D:1:      minmay_arrival_four_houses, layout_loops_ring, st_stairs_11
D:2:      layout_rooms, chequers_ecumenical_altar_grove, st_stairs_14
D:3:      layout_loops_ring, uniq_robin
D:4:      minmay_goblin_kobold_castle, layout_basic,
          mainiacjoe_overflow_big_doors, fedhas_altar_1,
          nicolae_hepliaklqana_monster_ancestors, uniq_eustachio

Skill      XL: |  1  2  3  4  5  6 |
---------------+-------------------+-----
Necromancy     | 4 5 6 7 |  7.3
Dodging        | |  2.1
Stealth        | |  1.7
Spellcasting   | |  2.1

Action                   |  1- 3 |  4- 6 || total
-------------------------+-------+-------++-------
Melee: Unarmed           |     5 |       ||     5
       Dagger            |    76 |     1 ||    77
       Punch             |     1 |     2 ||     3
       Short sword       |       |   178 ||   178
 Cast: Pain              |    55 |    11 ||    66
       Vampiric Draining |       |    12 ||    12
Invok: Renounce Religion |       |     1 ||     1
 Abil: Hop               |     2 |     3 ||     5
  Use: Potion            |       |     2 ||     2
 Stab: Sleeping          |     1 |     4 ||     5
Armor: Robe              |    31 |    68 ||    99
       Skin              |       |     6 ||     6
Dodge: Dodged            |    90 |   157 ||   247
